 Dungeon Crawl Stone Soup version 0.28.0-43-g3370ac3207 (webtiles) character file.

Game seed: 11089744842986243665

2359 pkoi the Insei (level 9, -7/67 (74) HPs)
             Began as a Demigod Gladiator on Mar 28, 2022.
             Mangled by a wight
             ... wielding a +5 long sword of freezing
              (9 damage)
             ... on level 7 of the Dungeon.
             The game lasted 00:07:56 (8227 turns).

pkoi the Insei (Demigod Gladiator)                  Turns: 8227, Time: 00:07:56

HP:   -7/67 (74)    AC:  6    Str: 20    XL:     9   Next: 1%
MP:   14/14         EV: 13    Int: 14    God:
Gold: 369           SH:  5    Dex: 14    Spells: 9/11 levels left

rFire   + + +      SeeInvis .   p - +12 war axe "Pado" {vorpal, rPois rF+++ Str-5 Dex-5}
rCold   . . .      Faith    .   (no shield)
rNeg    . . .      Spirit   .   a - +0 leather armour
rPois   +          Reflect  +   b - +1 helmet
rElec   .          Harm     .   r - +0 cloak
rCorr   .          Rampage  .   (no gloves)
Will    .....                   (no boots)
Stlth   +.........              A - amulet of reflection
HPRegen 0.21/turn               f - +6 ring of strength
MPRegen 0.14/turn               (no ring)

@: drained
A: high MP 1, forlorn, divine attributes
a: no special abilities


You were on level 7 of the Dungeon.
You visited 2 branches of the dungeon, and saw 8 of its levels.

You collected 369 gold pieces.

Inventory:

Hand Weapons
 k - a +0 whip of draining
 o - a +3 dagger of speed
 p - the +12 war axe "Pado" (weapon) {vorpal, rPois rF+++ Str-5 Dex-5}
   (You found it on level 3 of the Dungeon)

   It inflicts extra damage upon your enemies.
   Str:       It affects your strength (-5).
   Dex:       It affects your dexterity (-5).
   rF:        It renders you almost immune to fire.
   rPois:     It protects you from poison.
Missiles
 c - 2 throwing nets
 t - 6 boomerangs
 x - 13 poisoned darts (quivered)
Armour
 a - a +0 leather armour (worn)
 b - a +1 helmet (worn)
 r - a +0 cloak (worn)
Jewellery
 f - a +6 ring of strength (left hand)
 A - an amulet of reflection (around neck)
Wands
 y - a wand of acid (7)
 B - a wand of polymorph (11)
Scrolls
 d - a scroll of brand weapon
 m - 4 scrolls of blinking
 u - a scroll of fog
 D - a scroll of amnesia
 E - a scroll of teleportation
Potions
 e - 5 potions of curing {unknown}
 g - a potion of degeneration
 i - 2 potions of haste
 j - a potion of invisibility
 l - a potion of lignification
 n - 2 potions of brilliance
 q - a potion of heal wounds
 s - 2 potions of cancellation {unknown}
 v - a potion of flight
 z - a potion of resistance
 F - 2 potions of magic {unknown}


   Skills:
 + Level 5.3 Fighting
 - Level 1.7 Throwing
 - Level 3.0 Armour
 + Level 4.3 Dodging
 * Level 7.9 Unarmed Combat
 + Level 1.8 Spellcasting
 + Level 2.1 Air Magic
 + Level 2.1 Poison Magic
 + Level 2.3 Evocations


You had 9 spell levels left.
You knew the following spells:

 Your Spells              Type           Power      Damage    Failure   Level
a - Poisonous Vapours     Pois/Air       14%        N/A       17%         2

Your spell library contained the following spells:

 Spells                   Type           Power      Damage    Failure   Level
 Corpse Rot               Necr/Air       8%         N/A       26%         2
 Slow                     Hex            4%         N/A       28%         1
 Confusing Touch          Hex            1%         N/A       63%         3
 Vampiric Draining        Necr           1%         2d6       63%         3
 Airstrike                Air            3%         N/A       75%         4
 Summon Lightning Spire   Summ/Air       4%         N/A       87%         4
 Lightning Bolt           Conj/Air       2%         1d13      99%         5


Dungeon Overview and Level Annotations

Branches:
Dungeon (7/15)             Temple (1/1) D:5

Shops:
D:2 [   D:3 (


Innate Abilities, Weirdness & Mutations

You have an increased reservoir of magic. (+10% MP)
You shall have no god before yourself.
Your divine heritage dramatically boosts your attributes as you level up.


Message History

The wight hits you with a +0 long sword.
* * * LOW HITPOINT WARNING * * *
You feel drained.
Unknown command.
You completely miss the wight.
The wight is severely damaged.
You hit the wight.
You destroy the wight!
You hit the wight. The wight closely misses you.
The wight hits you with a +5 long sword of freezing.
* * * LOW HITPOINT WARNING * * *
The wight freezes you.
* * * LOW HITPOINT WARNING * * *
You have reached level 9!
Your experience leads to a dramatic increase in your attributes!
Your base attributes are Str 19, Int 10, Dex 19.
Increase (S)trength, (I)ntelligence, or (D)exterity?
You feel clever. x4
You closely miss the wight.
The wight is severely damaged.
You barely miss the wight. You block the wight's attack.
The wight hits you with a +5 long sword of freezing!
* * * LOW HITPOINT WARNING * * *
You feel drained.
* * * LOW HITPOINT WARNING * * *
The wight freezes you.
* * * LOW HITPOINT WARNING * * *
The wight hits you with a +0 long sword.
* * * LOW HITPOINT WARNING * * *
The wight hits you with a +5 long sword of freezing!
* * * LOW HITPOINT WARNING * * *
The wight freezes you.
* * * LOW HITPOINT WARNING * * *
You closely miss the wight.
The wight is severely damaged.
You closely miss the wight.
The wight hits you with a +0 long sword.
* * * LOW HITPOINT WARNING * * *
The wight hits you with a +5 long sword of freezing!
You die...

.........# ........ ≈#.
#......##≈≈.. #.......#≈...
##<.......≈..#
###.$.......≈≈#
≈≈≈≈.......≈≈.#
...≈....)..≈..# ..
≈≈≈≈###z@..≈.## #. ..# .
#.z....# #.. ..## ##
##......# #..# ...###...#
##(......### #..# )........#
##.......>..##[..#
..≈≈≈....###....###........#
....≈≈≈≈≈≈.....## ##.).....#
.....≈..≈≈≈≈...# #.......##
..........≈≈≈.## ##........#


You could see 2 wights.

Vanquished Creatures
  A wyvern (D:6)
  A sky beast (D:5)
  2 ice beasts
  4 black bears
  A necrophage (D:6)
  3 ogres
  3 centaurs (D:5)
  A phantom (D:5)
  2 kobold brigands
  2 scorpions
  A wyvern skeleton (D:6)
  2 wights (D:7)
  A hound (D:6)
  3 jellies
  2 centaur skeletons
  An orc priest (D:3)
  2 bullfrog skeletons (D:6)
  An iguana (D:6)
  Jessica (D:2)
  An orc wizard (D:3)
  6 gnolls
  4 adders
  A shadow imp (D:6)
  An ufetubus (D:7)
  2 dart slugs
  6 orcs
  6 endoplasms
  2 giant cockroaches
  7 goblins
  12 hobgoblins
  10 jackals
  18 kobolds
  2 quokkas
  5 ball pythons
  5 bats
  4 frilled lizards (D:1)
  3 rats
129 creatures vanquished.

Vanquished Creatures (others)
  A howler monkey zombie (D:5)
  A gnoll (D:5)
  2 plants (D:5)
4 creatures vanquished.

Grand Total: 133 creatures vanquished

Notes
Turn   | Place    | Note
-------+----------+-------------------------------------------
     0 | D:1      | pkoi the Demigod Gladiator began the quest for the Orb.
     0 | D:1      | Reached XP level 1. HP: 17/17 MP: 3/3
   556 | D:1      | Reached skill level 3 in Unarmed Combat
   642 | D:1      | Reached XP level 2. HP: 9/24 MP: 4/4
  1574 | D:1      | Reached XP level 3. HP: 29/30 MP: 5/5
  1926 | D:2      | Found Waaf's Antique Armour Shoppe.
  1937 | D:2      | Noticed Jessica
  1943 | D:2      | Killed Jessica
  1944 | D:2      | Reached skill level 4 in Unarmed Combat
  2324 | D:2      | Reached XP level 4. HP: 37/37 MP: 6/6
  2953 | D:3      | Identified the +12 war axe "Pado" {vorpal, rPois rF+++
                  | Str-5 Dex-5}
  3118 | D:3      | Reached XP level 5. HP: 26/45 MP: 7/7
  3534 | D:3      | Found Zyaw's Weapon Shoppe.
  3752 | D:4      | Noticed a black bear
  3773 | D:3      | Killed a black bear
  3774 | D:3      | Reached skill level 5 in Unarmed Combat
  4195 | D:4      | Reached XP level 6. HP: 50/52 MP: 8/8
  4267 | D:4      | Identified the +5 quarterstaff "Hany" {flame, *Noise Int+2
                  | Stlth+}
  4589 | D:5      | Entered Level 5 of the Dungeon
  4589 | D:5      | Found a staircase to the Ecumenical Temple.
  4596 | Temple   | Entered the Ecumenical Temple
  4695 | D:5      | Reached skill level 6 in Unarmed Combat
  4792 | D:5      | Reached skill level 1 in Armour
  4792 | D:5      | Reached XP level 7. HP: 51/59 MP: 9/9
  5940 | D:5      | You fall into a shaft and drop 2 floors!
  5940 | D:7      | Noticed a wyvern
  5948 | D:6      | Killed a wyvern
  5949 | D:6      | Reached skill level 7 in Unarmed Combat
  6219 | D:6      | Learned a level 2 spell: Poisonous Vapours
  6342 | D:6      | Reached skill level 1 in Evocations
  6344 | D:6      | Reached XP level 8. HP: 50/67 MP: 9/11
  6528 | D:6      | Reached skill level 5 in Fighting
  6528 | D:6      | Reached skill level 1 in Air Magic
  6528 | D:6      | Reached skill level 1 in Poison Magic
  6572 | D:6      | Reached skill level 1 in Spellcasting
  8226 | D:7      | Reached XP level 9. HP: 35/69 MP: 14/14
  8227 | D:7      | HP: 2/67 [wight/+0 long sword (4)]
  8227 | D:7      | Mangled by a wight

Illustrated notes

Levels and vault maps discovered:
D:1:      dpeg_cavernosity, layout_rooms
D:2:      layout_rooms, serial_glass, glass_columns_a, glass_columns_a,
          glass_columns_b, glass_columns_b, glass_columns_b, glass_columns_a,
          glass_columns_a, glass_columns_a, glass_columns_c, glass_columns_c,
          basic_ecumenical_altar, serial_shops, shop, uniq_jessica
D:3:      layout_basic, minitemple, serial_shops, shop,
          minmay_randomly_rotated_circles
D:4:      layout_rooms, minmay_misc_feat_tiny
D:5:      layout_basic, chequers_temple_overflow_statue_of_worship,
          minmay_temple_entry_statues_fountains, serial_bayou_pond_a,
          lemuel_flamethrower_2
D:6:      layout_basic, kiku_gazebo_pond_becter, cheibrodos_ashenzari_chains
D:7:      layout_layer_cave, serial_rivers, chequers_serial_rivers_small_a,
          chequers_serial_rivers_small_b, chequers_serial_rivers_micro_d,
          chequers_serial_rivers_small_a, chequers_serial_rivers_large_a
Temple:   nicolae_temple_x_marks_the_god

Skill      XL: |  1  2  3  4  5  6  7  8 |
---------------+-------------------------+-----
Fighting       | 2 3 4 5 |  5.3
Unarmed Combat | 3 4 5 6 7 |  7.9
Armour         | 1 2 3 |  3.0
Dodging        | 3 4 |  4.3
Evocations     | 1 2 |  2.3
Air Magic      | 2 |  2.1
Poison Magic   | 2 |  2.1
Spellcasting   | 1 |  1.8
Throwing       | |  1.7

Action                   |  1- 3 |  4- 6 |  7- 9 || total
-------------------------+-------+-------+-------++-------
Melee: Unarmed           |   166 |    29 |       ||   195
       Punch             |     1 |     3 |     2 ||     6
       War axe           |       |    59 |   107 ||   166
Throw: Throwing net      |       |     2 |       ||     2
       Dart              |       |       |     3 ||     3
  Use: Scroll            |     5 |     4 |    11 ||    20
Armor: Leather armour    |    38 |    34 |    41 ||   113
Dodge: Dodged            |    92 |    66 |   106 ||   264
Block: Other             |       |       |    22 ||    22
